 Dungeon Crawl Stone Soup version 0.27.1-3-gb3d3a73c9e (webtiles) character file.

Game seed: 15938048310728493187

4830 Descartes the Covert (level 10, -8/44 HPs)
             Began as a Spriggan Enchanter on Oct 19, 2021.
             Was an Initiate of Gozag.
             Mangled by a yak (13 damage)
             ... on level 8 of the Dungeon.
             The game lasted 00:34:06 (12300 turns).

Descartes the Covert (Spriggan Enchanter)          Turns: 12300, Time: 00:34:08

Health: -8/44      AC:  6    Str: 12    XL:     10   Next: 25%
Magic:  13/15      EV: 22    Int: 25    God:    Gozag
Gold:   947        SH:  0    Dex: 16    Spells: 3/15 levels left

rFire    . . .     SeeInvis +   F - +2 dagger (drain)
rCold    . . .     Faith    .   n - +2 buckler
rNeg     . . .     Spirit   .   c - +0 steam dragon scales
rPois    +         Reflect  .   (helmet restricted)
rElec    .         Harm     .   i - +0 cloak
rCorr    .         Rampage  .   (gloves unavailable)
Will     +....                  (boots unavailable)
Stlth    ++........             (no amulet)
HPRegen  0.14/turn              h - +6 ring of strength
MPRegen  0.14/turn              E - ring "Unois" {Wiz rPois Int+7}

@: confused, confusing by touch, ambrosia-drunk, gold aura, very quick
A: very small, no large weapons, unfitting armour, see invisible, speed 3
a: Renounce Religion, Potion Petition, Call Merchant, Bribe Branch


You were on level 8 of the Dungeon.
You worshipped Gozag.
Gozag was pleased with you.
You visited 2 branches of the dungeon, and saw 10 of its levels.

You collected 1283 gold pieces.
You spent 336 gold pieces at shops.

Inventory:

Hand Weapons
 g - a +0 hunting sling
 y - a +0 shortbow
 F - a +2 dagger of draining (weapon)
Missiles
 l - 235 stones
 q - 38 poisoned darts
 s - 126 arrows
 t - 57 sling bullets
 C - 12 boomerangs
Armour
 c - +0 steam dragon scales (worn)
 i - a +0 cloak (worn)
 n - a +2 buckler (worn)
 D - a +0 robe of the Archmagi
Jewellery
 h - a +6 ring of strength (left hand)
 E - the ring "Unois" (right hand) {Wiz rPois Int+7}
   (You found it on level 7 of the Dungeon)

   [ring of wizardry]

   It improves your spell success rate.
   Int:       It affects your intelligence (+7).
   rPois:     It protects you from poison.
Wands
 a - a wand of polymorph (6)
 k - a wand of flame (8)
 z - a wand of mindburst (24)
Scrolls
 b - a scroll of vulnerability
 d - 3 scrolls of enchant armour
 e - 2 scrolls of teleportation
 f - 3 scrolls of amnesia
 o - a scroll of immolation
 p - 5 scrolls of noise
 u - a scroll of identify
 A - a scroll of fog
Potions
 j - a potion of ambrosia
 m - a potion of brilliance {unknown}
 r - a potion of attraction
 w - a potion of berserk rage {unknown}
 x - a potion of degeneration {unknown}
 B - a potion of flight {unknown}


   Skills:
 - Level 5.0 Short Blades
 - Level 10.0 Dodging
 + Level 10.8 Stealth
 * Level 2.5 Shields
 - Level 3.0 Spellcasting
 - Level 3.0 Conjurations
 - Level 10.0 Hexes
 - Level 1.0 Ice Magic
 - Level 5.0 Evocations


You had 3 spell levels left.
You knew the following spells:

 Your Spells              Type           Power      Damage    Failure   Level
a - Corona                Hex            57%        N/A       1%          1
b - Confusing Touch       Hex            52%        N/A       1%          3
c - Dazzling Flash        Conj/Hex       72%        N/A       1%          3
d - Tukima's Dance        Hex            52%        N/A       1%          3
e - Ensorcelled Hibernat  Hex/Ice        62%        N/A       1%          2

Your spell library contained the following spells:

 Spells                   Type           Power      Damage    Failure   Level
 Passwall                 Tmut/Erth      2%         N/A       9%          2
 Conjure Flame            Conj/Fire      11%        6-21      9%          3
 Ignite Poison            Fire/Tmut/Pois 3%         N/A       16%         3
 Swiftness                Air            3%         N/A       16%         3
 Invisibility             Hex            26%        N/A       14%         6
 Sticky Flame             Conj/Fire      11%        2d3       28%         4


Dungeon Overview and Level Annotations

Branches:
Dungeon (9/15)             Temple (1/1) D:5            Lair (0/6) D:8
    Orc: D:9-12

Altars:
Ashenzari
Cheibriados
Dithmenos
Elyvilon
Fedhas
Gozag
Hepliaklqana
Kikubaaqudgha
Makhleb
Nemelex Xobeh
Okawaru
Qazlal
Ru
Sif Muna
Trog
Uskayaw
Vehumet
Wu Jian
Xom
Yredelemnul
Zin
The Shining One

Shops:
D:4 :

Annotations:
D:3 3 runed translucent doors, Doot's ghost, weakling TeAE
D:8 Harold


Innate Abilities, Weirdness & Mutations

You are very small and have problems with some larger weapons.
You are too small for most types of armour.
You have supernaturally acute eyesight. (SInv)
You cover ground extremely quickly. (Speed+++)


Message History

You hit the basilisk.
The basilisk is lightly wounded.
You block the basilisk's attack. The yak gores you.
You catch the helpless basilisk completely off-guard!
You impale the basilisk!! You drain the basilisk.
You kill the basilisk!
Harold throws a throwing net.
The throwing net hits you.
You become entangled in the net!
You struggle against the net.
The yak gores you but does no damage.
You struggle against the net.
The yak gores you.
You struggle against the net.
The yak gores you! The yak barely misses you.
You rip the net and break free!
The yak barely misses you. Harold completely misses you.
You hit Harold. You drain Harold.
Harold is lightly wounded.
You block the yak's attack.
You closely miss Harold.
Harold is lightly wounded.
Harold misses you. The yak completely misses you.
You hit Harold but do no damage.
Harold is lightly wounded.
Harold is distracted by your dazzling golden aura.
Casting: Confusing Touch (safe; 1% risk of failure)
Confirm with . or Enter, or press ? or * to list all spells.
Your hands begin to glow red.
Harold shouts!
Harold is no longer distracted by gold.
The yak gores you. You block the yak's attack.
Harold hits you with a +0 short sword.
* * * LOW HITPOINT WARNING * * *
You completely miss Harold.
Harold is lightly wounded.
The yak closely misses you.
It was a potion of ambrosia.
You are confused.
You feel invigorated. The yak closely misses you.
Harold hits you with a +0 short sword!
* * * LOW HITPOINT WARNING * * *
The yak gores you!
You die...
Your body crumbles into a pile of gold.

#.!....$$.......# ##.## ##
#..$.........#### #...# #.
#>.[$.$.........### ####...###.
#.........P.......####.#..#..#..
#......l.......P...##..#.###.#.#
####..l♣..P.P...P..♣.....# #...#
#........♣.....P.....## ##.##
#....(...............# #.#
#......P..♣.@@......## ###
#....P..P.>YY♣......#
#.................###
###PP.♣.P.....P...... $
..P.........#### .............
.......P(P.### .....P[P..##


You could see Harold (drained) and 2 yaks.

Vanquished Creatures
  Pikel (D:5)
  Maurice (D:8)
  2 wyverns (D:8)
  3 yaks
  A basilisk (D:8)
  Menkaure (D:5)
  Edmund (D:5)
  7 water moccasins
  An acid dragon (D:7)
  A black bear (D:6)
  2 necrophages
  A sky beast (D:6)
  3 ogres
  2 centaurs
  A phantom (D:4)
  A lemure (D:5)
  A bullfrog (D:6)
  3 wyvern zombies
  A water moccasin zombie (D:6)
  A water moccasin skeleton (D:5)
  5 killer bees (D:8)
  2 jellies
  3 centaur skeletons
  4 hounds
  A gnoll shaman (D:7)
  7 orc priests
  An iguana (D:6)
  7 orc wizards
  A killer bee zombie (D:8)
  7 adders
  5 gnolls (D:7)
  2 white imps
  An ufetubus (D:5)
  An adder skeleton (D:4)
  2 dart slugs
  21 orcs
  3 endoplasms
  A giant cockroach (D:3)
  2 hobgoblins (D:1)
  2 jackals (D:4)
  4 quokkas
  4 ball pythons
  8 bats
  2 frilled lizards (D:3)
  3 goblins
  4 kobolds
  4 rats
142 creatures vanquished.

Vanquished Creatures (others)
  5 fungi
  20 plants
25 creatures vanquished.

Grand Total: 167 creatures vanquished

Notes
Turn   | Place    | Note
-------+----------+-------------------------------------------
     0 | D:1      | Descartes the Spriggan Enchanter began the quest for the
                  | Orb.
     0 | D:1      | Reached XP level 1. HP: 9/9 MP: 5/5
    17 | D:1      | Found a faded altar of an unknown god.
    54 | D:1      | Became a worshipper of Gozag Ym Sagoz the Greedy
   675 | D:2      | Reached XP level 2. HP: 11/13 MP: 6/6
  2125 | D:2      | Reached skill level 5 in Stealth
  2125 | D:2      | Reached XP level 3. HP: 8/16 MP: 6/8
  2372 | D:3      | Noticed a black bear
  2373 | D:3      | Found a runed translucent gate.
  2373 | D:3      | Found a runed translucent gate.
  2374 | D:3      | Found a runed translucent gate.
  2376 | D:3      | Noticed Doot's ghost (weakling TeAE)
  2627 | D:3      | Reached XP level 4. HP: 9/21 MP: 7/9
  2794 | D:3      | Learned a level 3 spell: Confusing Touch
  2798 | D:3      | Learned a level 3 spell: Dazzling Flash
  3022 | D:3      | Found a blossoming altar of Fedhas.
  3945 | D:3      | Found a faded altar of an unknown god.
  3945 | D:3      | Found a hide-covered altar of Uskayaw.
  3953 | D:3      | Found a sacrificial altar of Ru.
  3955 | D:3      | Found a shimmering altar of Xom.
  3957 | D:3      | Found an opulent altar of Gozag.
  4289 | D:4      | Noticed an ogre
  4301 | D:4      | Killed an ogre
  4302 | D:4      | Reached XP level 5. HP: 9/24 MP: 5/10
  4306 | D:4      | Identified the +7 great sword "Risocka Juif" {vorpal, *Slow
                  | Will- rCorr Int+10}
  4522 | D:4      | Found Minary's Book Shoppe.
  4546 | D:4      | Learned a level 3 spell: Tukima's Dance
  4690 | D:4      | Noticed a necrophage
  4729 | D:4      | Killed a necrophage
  4730 | D:4      | Reached skill level 5 in Hexes
  4863 | D:4      | Found a broken altar of Ashenzari.
  4899 | D:4      | Reached XP level 6. HP: 18/28 MP: 9/11
  5067 | D:4      | Found a basalt altar of Yredelemnul.
  5646 | D:5      | Entered Level 5 of the Dungeon
  5691 | D:5      | Found a staircase to the Ecumenical Temple.
  5715 | D:5      | Noticed a water moccasin
  5740 | D:5      | Reached skill level 5 in Dodging
  5742 | D:5      | Killed a water moccasin
  5947 | D:4      | Bought a book of Burglary for 336 gold pieces
  5963 | D:5      | Noticed Menkaure
  5966 | D:5      | Reached skill level 1 in Conjurations
  5966 | D:5      | Reached XP level 7. HP: 32/32 MP: 12/12
  5970 | D:5      | Killed Menkaure
  6889 | D:5      | Noticed Pikel
  6909 | D:5      | Killed Pikel
  6910 | D:5      | Reached skill level 5 in Short Blades
  6910 | D:5      | Reached XP level 8. HP: 36/36 MP: 7/13
  7079 | D:5      | Noticed Edmund
  7109 | D:5      | Killed Edmund
  7619 | Temple   | Entered the Ecumenical Temple
  8478 | D:6      | Reached skill level 1 in Evocations
  8926 | D:6      | Reached skill level 10 in Stealth
  8926 | D:6      | Reached XP level 9. HP: 39/39 MP: 14/14
  9570 | D:5      | Learned a level 2 spell: Ensorcelled Hibernation
  9878 | D:7      | Identified the ring "Unois" {Wiz rPois Int+7}
 10477 | D:7      | Found a white marble altar of Elyvilon.
 10480 | D:7      | Found a burning altar of Makhleb.
 10485 | D:7      | Found a stormy altar of Qazlal.
 10744 | D:7      | Found a radiant altar of Vehumet.
 10774 | D:7      | Found an ancient bone altar of Kikubaaqudgha.
 10804 | D:7      | Found a shimmering blue altar of Sif Muna.
 11256 | D:8      | Noticed Maurice
 11323 | D:8      | Reached skill level 5 in Evocations
 11450 | D:9      | Reached skill level 10 in Dodging
 11566 | D:8      | Reached skill level 10 in Hexes
 11569 | D:8      | Reached XP level 10. HP: 23/44 MP: 1/15
 11578 | D:8      | Reached skill level 1 in Shields
 11578 | D:8      | Reached skill level 1 in Ice Magic
 11579 | D:8      | Found a staircase to the Lair.
 11579 | D:8      | Noticed Harold
 11600 | D:7      | HP: 1/44 [orc (3)]
 11886 | D:8      | Killed Maurice
 12300 | D:8      | Mangled by a yak

Illustrated notes

Levels and vault maps discovered:
D:1:      lightli_arrival_boilingwater, layout_basic,
          shapermc_ecumenical_altar_petra, minmay_tetromino_s2
D:2:      layout_loops_ring, chequers_serial_rivers_small_a
D:3:      layout_basic, chequers_temple_overflow_minitemple,
          mainiacjoe_overflow_six_doors_small, gammafunk_ghost_split
D:4:      layout_loops_corners, mainiacjoe_overflow_small_starburst,
          amcnicky_altar_gilded, serial_shops, kennysheep_mini,
          amethyst_killhole
D:5:      layout_loops_ring, minmay_temple_entry_statues_pillars,
          minmay_misc_feat_tiny, uniq_pikel, uniq_menkaure, uniq_edmund
D:6:      layout_loops_corners
D:7:      layout_cave_pools, palyth_temple_overflow_mages,
          nicolae_overflow_hidden_temple
D:8:      layout_rooms, minmay_lair_entry_grove, serial_curves, eino_curves_02,
          eino_curves_03, uniq_maurice, uniq_harold
D:9:      layout_grid_maze, uniq_erolcha
Temple:   compressed_dpeg_triangle_lava_temple

Skill      XL: |  1  2  3  4  5  6  7  8  9 10 |
---------------+-------------------------------+-----
Dodging        | 3 4 5 6 7 10 | 10.0
Spellcasting   | 3 |  3.0
Hexes          | 4 5 6 7 10 | 10.0
Stealth        | 5 6 7 8 10 | 10.8
Short Blades   | 2 3 4 5 |  5.0
Conjurations   | 1 2 3 |  3.0
Evocations     | 2 5 |  5.0
Shields        | 2 |  2.5
Ice Magic      | 1 |  1.0

Action                   |  1- 3 |  4- 6 |  7- 9 | 10-12 || total
-------------------------+-------+-------+-------+-------++-------
Melee: Dagger            |   113 |   124 |   449 |    69 ||   755
 Cast: Corona            |    15 |    21 |    20 |     1 ||    57
       Confusing Touch   |       |     5 |    73 |    13 ||    91
  Use: Potion            |       |     4 |     2 |     2 ||     8
       Scroll            |       |       |    10 |     1 ||    11
 Stab: Sleeping          |    11 |     6 |    15 |     2 ||    34
       Confused          |       |     4 |    55 |     9 ||    68
       Distracted        |       |       |     3 |       ||     3
Armor: Robe              |    17 |     1 |       |       ||    18
       Steam dragon scal |       |     9 |    38 |     1 ||    48
Dodge: Dodged            |    99 |    90 |   262 |    31 ||   482
Block: Buckler           |       |       |       |    18 ||    18
